General information
- name: BNet
- type: Ladder team game (AT/RT)
- host: Battle.net
- saver: LEGEND-OF-PJ.
map: Deadlands
- players: 8
- length: 50:34
- speed: Fast
- version: 1.26 W3XP
- replay type: Public
» download(212 KB)
Players
team 1 (winner)

»
LEGEND-OF-PJ. (
blue | 38 APM | 1909 actions | 50:34)
6 Blademaster
2 Critical Strike
3 Wind Walk
1 Bladestorm
3 Shadow Hunter
1 Hex
2 Healing Wave
1 Tauren Chieftain
1 War Stomp
» actions
| Assign group hotkey | 77 | |
| Basic commands | 15 | |
| Build / train | 81 | |
| Enter build submenu | 26 | |
| Enter hero's abilities submenu | 10 | |
| Give item / drop item | 1 | |
| Remove unit from queue | 5 | |
| Right click | 753 | |
| Select / deselect | 261 | |
| Select group hotkey | 574 | |
| Use ability | 106 | |
1909 total
» units
| Peon | 31 | |
| Goblin Shredder | 1 | |
| Wind Rider | 7 | |
39 total
» upgrades
| Ranged Weapons | 2 | |
| Reinforced Defenses | 1 | |
| Envenomed Spears | 1 | |
| Armor | 2 | |
6 total
» buildings
| Altar of Storms | 1 | |
| Orc Burrow | 12 | |
| Voodoo Lounge | 2 | |
| Stronghold | 2 | |
| War Mill | 1 | |
| Watch Tower | 13 | |
| Fortress | 1 | |
| Beastiary | 3 | |
| Great Hall | 2 | |
37 total
» build order
00:26 Altar of Storms
00:41 Orc Burrow
02:13 Voodoo Lounge
02:22 Stronghold
02:28 War Mill
02:44 Orc Burrow
02:44 Orc Burrow
02:45 Orc Burrow
07:15 Orc Burrow
11:06 Watch Tower
11:06 Watch Tower
11:06 Watch Tower
11:08 Watch Tower
13:16 Orc Burrow
13:31 Voodoo Lounge
14:38 Fortress
15:06 Beastiary
15:11 Beastiary
15:16 Orc Burrow
15:22 Orc Burrow
18:59 Orc Burrow
19:08 Orc Burrow
22:51 Watch Tower
22:51 Watch Tower
22:52 Watch Tower
24:10 Watch Tower
24:10 Watch Tower
28:27 Beastiary
28:35 Orc Burrow
31:26 Great Hall
37:50 Great Hall
38:26 Orc Burrow
40:12 Watch Tower
40:13 Watch Tower
» items
| Healing Salve | 5 | |
| Staff of Teleportation | 1 | |
| Boots of Speed | 1 | |
| Potion of Lesser Invulnerability | 1 | |
| Scroll of Town Portal | 1 | |
| Orb of Lightning | 2 | |
11 total
iDoNotLie (
purple | 62 APM | 3123 actions | 50:33)
7 Priestess of the Moon
3 Trueshot Aura
3 Searing Arrows
1 Starfall
3 Shadow Hunter
2 Hex
1 Big Bad Voodoo
2 Blademaster
1 Critical Strike
1 Mirror Image
» actions
| Assign group hotkey | 90 | |
| Basic commands | 174 | |
| Build / train | 87 | |
| Enter build submenu | 23 | |
| Enter hero's abilities submenu | 13 | |
| Give item / drop item | 4 | |
| Right click | 1218 | |
| Select / deselect | 358 | |
| Select group hotkey | 1076 | |
| Use ability | 80 | |
3123 total
» units
| Wisp | 18 | |
| Hippogryph | 14 | |
| Chimaera | 15 | |
47 total
» upgrades
| Strength of the Wild | 3 | |
| Reinforced Hides | 1 | |
| Corrosive Breath | 1 | |
5 total
» buildings
| Moon Well | 6 | |
| Altar of Elders | 1 | |
| Tree of Ages | 2 | |
| Hunter's Hall | 1 | |
| Ancient Protector | 8 | |
| Tree of Eternity | 1 | |
| Ancient of Wind | 2 | |
| Chimaera Roost | 3 | |
| Tree of Life | 1 | |
25 total
» build order
00:29 Moon Well
00:30 Altar of Elders
02:19 Tree of Ages
04:12 Hunter's Hall
04:14 Moon Well
05:35 Ancient Protector
05:36 Ancient Protector
05:38 Ancient Protector
05:39 Ancient Protector
05:42 Tree of Eternity
06:36 Ancient of Wind
06:39 Moon Well
08:48 Ancient Protector
09:17 Chimaera Roost
09:19 Chimaera Roost
09:21 Chimaera Roost
12:05 Moon Well
12:06 Moon Well
12:07 Moon Well
19:25 Ancient Protector
19:28 Ancient Protector
19:45 Ancient of Wind
20:20 Ancient Protector
26:08 Tree of Life
43:26 Tree of Ages
» items
| Scroll of Speed | 2 | |
| Lesser Clarity Potion | 2 | |
| Healing Salve | 3 | |
| Boots of Speed | 1 | |
| Periapt of Vitality | 1 | |
| Potion of Lesser Invulnerability | 1 | |
| Staff of Teleportation | 1 | |
| Orb of Lightning | 1 | |
| Scroll of Town Portal | 3 | |
| Potion of Healing | 1 | |
16 total

»
I-AM-THE-TEAM (
green | 21 APM | 1082 actions | 50:33)
5 Death Knight
3 Death Coil
2 Unholy Aura
» actions
| Basic commands | 69 | |
| Build / train | 63 | |
| Enter build submenu | 21 | |
| Enter hero's abilities submenu | 5 | |
| Right click | 579 | |
| Select / deselect | 293 | |
| Use ability | 52 | |
1082 total
» units
| Acolyte | 5 | |
| Ghoul | 11 | |
| Crypt Fiend | 5 | |
| Gargoyle | 8 | |
| Frost Wyrm | 20 | |
49 total
» upgrades
| Creature Attack | 2 | |
| Web | 1 | |
| Creature Carapace | 1 | |
4 total
» buildings
| Altar of Darkness | 2 | |
| Crypt | 1 | |
| Ziggurat | 10 | |
| Graveyard | 1 | |
| Halls of the Dead | 1 | |
| Black Citadel | 1 | |
| Sacrificial Pit | 1 | |
| Boneyard | 2 | |
19 total
» build order
00:58 Altar of Darkness
01:17 Crypt
01:28 Ziggurat
01:51 Ziggurat
02:30 Graveyard
04:26 Ziggurat
04:58 Halls of the Dead
08:43 Ziggurat
08:49 Ziggurat
08:51 Ziggurat
09:57 Black Citadel
12:41 Sacrificial Pit
13:04 Ziggurat
13:37 Boneyard
13:58 Boneyard
25:34 Ziggurat
31:14 Altar of Darkness
31:46 Ziggurat
32:07 Ziggurat
» items
| Potion of Healing | 1 | |
| Healing Salve | 1 | |
2 total
CloudStrife (
red | 38 APM | 1923 actions | 50:33)
3 Demon Hunter
2 Mana Burn
1 Evasion
3 Keeper of the Grove
2 Entangling Roots
1 Thorns Aura
» actions
| Assign group hotkey | 18 | |
| Basic commands | 63 | |
| Build / train | 76 | |
| Enter build submenu | 30 | |
| Enter hero's abilities submenu | 6 | |
| Right click | 1214 | |
| Select / deselect | 440 | |
| Select group hotkey | 7 | |
| Use ability | 69 | |
1923 total
» units
| Wisp | 22 | |
| Archer | 6 | |
| Dryad | 9 | |
| Hippogryph | 14 | |
51 total
» upgrades
| Strength of the Wild | 2 | |
| Abolish Magic | 1 | |
| Reinforced Hides | 1 | |
| Druid of the Claw Training | 2 | |
6 total
» buildings
| Altar of Elders | 1 | |
| Moon Well | 6 | |
| Ancient of War | 1 | |
| Tree of Ages | 2 | |
| Hunter's Hall | 1 | |
| Ancient of Lore | 4 | |
| Ancient of Wind | 4 | |
| Ancient Protector | 5 | |
| Tree of Eternity | 1 | |
| Ancient of Wonders | 1 | |
| Tree of Life | 1 | |
27 total
» build order
00:14 Altar of Elders
00:20 Moon Well
00:40 Ancient of War
01:47 Moon Well
02:37 Moon Well
03:01 Tree of Ages
03:02 Tree of Ages
03:39 Moon Well
04:33 Hunter's Hall
07:17 Ancient of Lore
07:21 Ancient of Lore
07:22 Ancient of Lore
07:27 Ancient of Wind
07:29 Ancient of Wind
09:56 Ancient Protector
11:17 Ancient Protector
11:19 Ancient Protector
13:14 Ancient of Lore
16:06 Tree of Eternity
16:40 Ancient of Wonders
19:03 Ancient of Wind
19:04 Ancient of Wind
19:40 Moon Well
19:43 Moon Well
20:20 Tree of Life
20:31 Ancient Protector
20:33 Ancient Protector
» items
| Potion of Healing | 2 | |
| Healing Salve | 1 | |
| Lesser Clarity Potion | 1 | |
4 total
team 2 (loser)
JOEPESCI_ (
pink | 19 APM | 46 actions | 02:26)
» actions
| Build / train | 11 | |
| Enter build submenu | 5 | |
| Right click | 9 | |
| Select / deselect | 16 | |
| Use ability | 5 | |
46 total
» units
» buildings
| Barracks | 1 | |
| Altar of Kings | 1 | |
| Farm | 3 | |
5 total
» build order
00:08 Barracks
00:11 Altar of Kings
00:20 Farm
01:04 Farm
01:56 Farm

»
zezz (
orange | 23 APM | 69 actions | 03:03)
» actions
| Basic commands | 1 | |
| Build / train | 10 | |
| Enter build submenu | 5 | |
| Remove unit from queue | 1 | |
| Right click | 20 | |
| Select / deselect | 27 | |
| Use ability | 5 | |
69 total
» units
» buildings
| Altar of Darkness | 1 | |
| Crypt | 1 | |
| Ziggurat | 3 | |
| Nerubian Tower | 1 | |
6 total
» build order
00:07 Altar of Darkness
00:15 Crypt
00:54 Ziggurat
01:26 Ziggurat
02:15 Nerubian Tower
03:00 Ziggurat

»
serpik (
teal | 0 APM | 0 actions | 02:22)

»
DOUGLASCALACA (
yellow | 52 APM | 2615 actions | 50:33)
6 Lich
3 Frost Nova
3 Frost Armor
6 Paladin
2 Holy Light
2 Divine Shield
1 Devotion Aura
1 Resurrection
6 Death Knight
3 Death Coil
2 Unholy Aura
1 Animate Dead
7 Blademaster
3 Wind Walk
3 Critical Strike
1 Bladestorm
» actions
| Assign group hotkey | 28 | |
| Build / train | 212 | |
| ESC pressed | 1 | |
| Enter build submenu | 33 | |
| Enter hero's abilities submenu | 25 | |
| Give item / drop item | 2 | |
| Remove unit from queue | 6 | |
| Right click | 1163 | |
| Select / deselect | 563 | |
| Select group hotkey | 277 | |
| Use ability | 305 | |
2615 total
» units
| Acolyte | 2 | |
| Peon | 5 | |
| Ghoul | 22 | |
| Footman | 32 | |
| Frost Wyrm | 44 | |
| Rifleman | 19 | |
| Troll Batrider | 33 | |
157 total
» upgrades
| Defend | 1 | |
| Spiked Barricades | 1 | |
| Freezing Breath | 1 | |
| Creature Attack | 2 | |
| Creature Carapace | 2 | |
| Gunpowder | 2 | |
| Armor | 2 | |
| Long Rifles | 1 | |
| Liquid Fire | 1 | |
13 total
» buildings
| Altar of Darkness | 2 | |
| Ziggurat | 8 | |
| Crypt | 2 | |
| Graveyard | 2 | |
| War Mill | 2 | |
| Orc Burrow | 6 | |
| Altar of Storms | 1 | |
| Farm | 14 | |
| Halls of the Dead | 1 | |
| Barracks | 1 | |
| Watch Tower | 81 | |
| Black Citadel | 1 | |
| Sacrificial Pit | 1 | |
| Boneyard | 2 | |
| Arcane Vault | 1 | |
| Blacksmith | 1 | |
| Keep | 1 | |
| Castle | 1 | |
| Stronghold | 1 | |
| Tomb of Relics | 1 | |
| Beastiary | 4 | |
| Fortress | 1 | |
| Voodoo Lounge | 1 | |
136 total
» build order
01:12 Altar of Darkness
01:15 Ziggurat
01:19 Crypt
01:20 Crypt
01:27 Graveyard
01:44 Ziggurat
03:05 War Mill
03:09 Orc Burrow
03:34 Altar of Storms
03:59 Farm
06:58 Halls of the Dead
07:07 Barracks
07:11 Farm
07:11 Farm
07:11 Farm
07:12 Farm
07:12 Farm
07:31 Watch Tower
07:31 Watch Tower
07:32 Watch Tower
07:32 Watch Tower
07:34 Watch Tower
07:49 Ziggurat
07:49 Ziggurat
07:52 Ziggurat
10:58 Black Citadel
11:01 Graveyard
11:13 Sacrificial Pit
13:05 Ziggurat
13:28 Watch Tower
13:28 Watch Tower
13:28 Watch Tower
13:29 Watch Tower
13:29 Watch Tower
13:30 Watch Tower
13:30 Watch Tower
13:30 Watch Tower
13:30 Watch Tower
13:31 Watch Tower
13:31 Watch Tower
13:32 Watch Tower
13:32 Watch Tower
13:32 Watch Tower
13:32 Watch Tower
13:33 Watch Tower
13:33 Watch Tower
13:33 Watch Tower
13:34 Watch Tower
13:34 Watch Tower
13:34 Watch Tower
13:34 Watch Tower
13:35 Watch Tower
13:35 Watch Tower
13:35 Watch Tower
13:36 Watch Tower
13:36 Watch Tower
13:36 Watch Tower
13:37 Watch Tower
13:37 Watch Tower
13:37 Watch Tower
13:38 Watch Tower
13:38 Watch Tower
13:38 Watch Tower
13:38 Watch Tower
13:40 Watch Tower
13:40 Watch Tower
13:57 Boneyard
13:58 Boneyard
14:18 Ziggurat
14:25 Ziggurat
17:18 Arcane Vault
18:54 Blacksmith
19:20 Farm
19:20 Farm
19:21 Farm
19:21 Farm
19:22 Farm
19:23 Farm
19:23 Farm
20:34 Keep
24:47 Castle
25:09 Watch Tower
25:09 Watch Tower
25:10 Watch Tower
25:10 Watch Tower
25:11 Watch Tower
25:11 Watch Tower
25:11 Watch Tower
25:12 Watch Tower
25:12 Watch Tower
25:13 Watch Tower
25:13 Watch Tower
25:13 Watch Tower
25:13 Watch Tower
25:14 Watch Tower
25:14 Watch Tower
25:14 Watch Tower
25:15 Watch Tower
25:15 Watch Tower
37:01 Stronghold
38:22 Tomb of Relics
38:39 Orc Burrow
38:40 Orc Burrow
38:40 Orc Burrow
38:41 Orc Burrow
39:30 Beastiary
39:30 Beastiary
39:37 Beastiary
39:38 Beastiary
40:44 Fortress
41:03 Voodoo Lounge
42:34 Altar of Darkness
43:33 War Mill
» items
| Orb of Corruption | 1 | |
| Orb of Lightning | 1 | |
2 total
Chat log
(00:07 / Allies) CloudStrife: archers drayds
(00:18 / Allies) iDoNotLie: so u like ff7?
(00:29 / Allies) LEGEND-OF-PJ.: i do
(00:32 / Allies) LEGEND-OF-PJ.: what of it bro
(00:36 / Allies) LEGEND-OF-PJ.: want to make something of it
(00:44 / Allies) iDoNotLie: nope
(00:52 / Allies) LEGEND-OF-PJ.: tifa is a babe
(00:55 / Allies) I-AM-THE-TEAM: so much for random
(00:58 / Allies) LEGEND-OF-PJ.: hottest rpg chick ever
(00:58 / Allies) iDoNotLie: lol
(01:03 / Allies) I-AM-THE-TEAM: ehh tifa is okay
(01:07 / Allies) I-AM-THE-TEAM: aeirth is hotter
(01:12 / Allies) iDoNotLie: nawww
(01:18 / Allies) iDoNotLie: tifa has big ass tities
(01:20 / Allies) I-AM-THE-TEAM: so is kairi
(01:22 / Allies) I-AM-THE-TEAM: shes hot as shit
(01:28 / Allies) LEGEND-OF-PJ.: yuna > all tho
(01:31 / Allies) LEGEND-OF-PJ.: and tidus too
(01:39 / Allies) iDoNotLie: tidus is a dude
(01:40 / Allies) I-AM-THE-TEAM: plus tifa is clouds girl
(01:40 / Allies) iDoNotLie: lol
(01:46 / Allies) LEGEND-OF-PJ.: what is wrong with liking dudes
(01:47 / Allies) I-AM-THE-TEAM: good luck trying to take tifa from cloud
(01:51 / Allies) iDoNotLie: lol
(01:55 / Allies) I-AM-THE-TEAM: everything?
(02:04 / Allies) I-AM-THE-TEAM: i hate fags
(02:06 / Allies) LEGEND-OF-PJ.: didn't they have sex or it was implied they had sex, tifa and cloud
(02:16 / Allies) iDoNotLie: cloud is gay
(02:17 / Allies) I-AM-THE-TEAM: i am assuming it was implied
(02:18 / Allies) iDoNotLie: i think
(02:21 / Allies) I-AM-THE-TEAM: they slepe together
(02:24 / Allies) I-AM-THE-TEAM: sleep*
(02:26 / All) iDoNotLie: :O
(02:31 / All) iDoNotLie: afk?
(02:50 / Allies) iDoNotLie: cloud is a pussy tho
(02:50 / Allies) LEGEND-OF-PJ.: ffx hd needs to come faster
(02:52 / All) I-AM-THE-TEAM: plus aeirth waas zacks girl
(02:53 / Allies) iDoNotLie: in the movie
(02:57 / All) I-AM-THE-TEAM: Cloud tried to steal her after he died
(03:00 / Allies) iDoNotLie: sack is kick ass
(03:08 / Allies) iDoNotLie: zack*
(03:21 / All) LEGEND-OF-PJ.: i would sleep with rikku as well
(03:22 / Allies) iDoNotLie: 1v1 bm
(03:23 / Allies) iDoNotLie: :D
(03:25 / All) I-AM-THE-TEAM: sword8
(03:28 / All) I-AM-THE-TEAM: that zack had
(03:37 / Allies) iDoNotLie: AHHHH!
(03:39 / Allies) iDoNotLie: IM SCARED
(03:44 / All) LEGEND-OF-PJ.: DIE KERA
(03:45 / All) LEGEND-OF-PJ.: U LESBO
(03:53 / All) iDoNotLie: I SHALL HIDE
(03:58 / All) LEGEND-OF-PJ.: i cant see u wtf
(04:03 / All) iDoNotLie: AHH!
(04:11 / All) I-AM-THE-TEAM: you are both idiots
(04:15 / All) LEGEND-OF-PJ.: CLOUD would be ashamed of my hunting skills
(04:26 / Allies) LEGEND-OF-PJ.: lets kill baron fellblade
(04:28 / Allies) LEGEND-OF-PJ.: arrogant bastard
(04:32 / All) iDoNotLie: isnt it kinda weird how sum1 has the name cloud strife
(04:33 / All) I-AM-THE-TEAM: rikki is in love with kair
(04:35 / All) I-AM-THE-TEAM: kairi
(04:36 / All) iDoNotLie: and doesnt talk about ff7
(04:39 / All) I-AM-THE-TEAM: but kaairi only loves sora
(04:46 / Allies) iDoNotLie: lol
(05:05 / Allies) I-AM-THE-TEAM: tp
(05:07 / Allies) I-AM-THE-TEAM: everyone
(05:08 / Allies) iDoNotLie: red change ur name if u aint gonna talk about ff7
(05:20 / Allies) iDoNotLie: u are a disgrace red
(05:21 / All) LEGEND-OF-PJ.: cloud is fast fuck
(05:34 / All) I-AM-THE-TEAM: sora wasnt in final fantasy
(05:39 / All) I-AM-THE-TEAM: he was in kingdom hearts
(05:45 / All) I-AM-THE-TEAM: neither was riku
(06:18 / All) iDoNotLie: 5 hp on bm
(06:18 / All) iDoNotLie: lol
(06:22 / All) iDoNotLie: epic
(07:19 / All) iDoNotLie: 1v4 u can do it
(07:28 / All) I-AM-THE-TEAM: i could
(07:32 / All) I-AM-THE-TEAM: bc i am the tema
(07:43 / All) LEGEND-OF-PJ.: THAT U ARE MY LIEGE
(07:52 / Allies) iDoNotLie: ur hero has to die
(07:52 / Allies) iDoNotLie: blu
(07:55 / Allies) iDoNotLie: so u can make units
(07:57 / All) I-AM-THE-TEAM: is that the thanks i get for saving ur ass blue
(07:58 / Allies) I-AM-THE-TEAM: ?
(07:58 / Allies) iDoNotLie: shhh
(08:00 / Allies) iDoNotLie: its okay
(08:01 / Allies) iDoNotLie: let it be
(08:08 / Allies) iDoNotLie: :D
(08:11 / Allies) iDoNotLie: wow
(08:13 / Allies) iDoNotLie: WTF GREEN
(08:16 / Allies) iDoNotLie: GTFO
(08:22 / Allies) iDoNotLie: I WAS HELPING HIM
(08:27 / Allies) I-AM-THE-TEAM: his hero is mine
(08:32 / All) LEGEND-OF-PJ.: NOT MAZURU!
(08:34 / Allies) iDoNotLie: HEY WOW
(09:38 / Allies) iDoNotLie: how much u wanna bet we will lose :D
(09:56 / Allies) LEGEND-OF-PJ.: i like dicking around
(10:01 / Allies) iDoNotLie: :F
(10:02 / Allies) iDoNotLie: :D
(10:32 / All) I-AM-THE-TEAM: lol towers ill just freeze them red
(10:33 / Allies) iDoNotLie: lol
(10:57 / Allies) I-AM-THE-TEAM: purp
(10:59 / Allies) I-AM-THE-TEAM: wtf u doing
(11:00 / Allies) I-AM-THE-TEAM: get him idiot
(11:02 / Allies) iDoNotLie: lol
(11:11 / Allies) I-AM-THE-TEAM: red
(11:12 / Allies) I-AM-THE-TEAM: come with me
(11:13 / Allies) I-AM-THE-TEAM: fast
(11:19 / Allies) iDoNotLie: HES GONNA TK U
(11:20 / Allies) iDoNotLie: lol
(11:22 / Allies) LEGEND-OF-PJ.: yes cum with him cloud
(11:39 / Allies) iDoNotLie: ur peon seeks refuge?
(11:47 / Allies) I-AM-THE-TEAM: \MAKE CHIMS DUMBASS PURP
(11:48 / Allies) LEGEND-OF-PJ.: he is safe
(11:51 / Allies) LEGEND-OF-PJ.: from baron felblade
(11:58 / Allies) iDoNotLie: i shall lick his butt with my potm
(12:14 / Allies) iDoNotLie: lol
(12:18 / Allies) iDoNotLie: nice
(12:21 / Allies) iDoNotLie: my potm is dizzy
(12:31 / Allies) I-AM-THE-TEAM: fucking idiots
(12:49 / Allies) I-AM-THE-TEAM: he has control of four armies
(12:52 / Allies) I-AM-THE-TEAM: blue has no units
(12:56 / Allies) I-AM-THE-TEAM: he has advantage
(13:01 / Allies) I-AM-THE-TEAM: and purpl has no units
(13:08 / Allies) iDoNotLie: wow slow donw there
(13:10 / Allies) LEGEND-OF-PJ.: be strong warrior
(13:20 / Allies) LEGEND-OF-PJ.: our team is elite
(13:24 / Allies) I-AM-THE-TEAM: red
(13:29 / Allies) iDoNotLie: sorry peon brb
(13:31 / Allies) I-AM-THE-TEAM: and take their expo
(13:34 / Allies) CloudStrife: k
(13:39 / Allies) iDoNotLie: lol
(13:41 / Allies) iDoNotLie: HE TALKS
(14:19 / Allies) LEGEND-OF-PJ.: why is this dick attacking me
(14:33 / Allies) iDoNotLie: gtfo
(14:35 / Allies) iDoNotLie: lol
(14:51 / Allies) LEGEND-OF-PJ.: this team is so defunct lolz
(14:59 / Allies) iDoNotLie: lol
(15:37 / Allies) iDoNotLie: lol
(16:05 / Allies) iDoNotLie: lol
(16:07 / Allies) iDoNotLie: i dont get it
(16:12 / Allies) iDoNotLie: are we 2v2v4ing?
(16:13 / Allies) iDoNotLie: lol
(16:14 / Allies) I-AM-THE-TEAM: you fucking suck you and blue have done nothing purple
(16:15 / Allies) iDoNotLie: blu
(16:16 / Allies) I-AM-THE-TEAM: moron
(16:17 / Allies) iDoNotLie: help me
(16:18 / Allies) iDoNotLie: lol
(16:19 / Allies) I-AM-THE-TEAM: You made us lose
(16:21 / Allies) I-AM-THE-TEAM: fucking idiot
(16:24 / Allies) LEGEND-OF-PJ.: no shit i have nothing ive been tked all game
(16:27 / Allies) iDoNotLie: lol wow u are mad
(16:29 / Allies) iDoNotLie: haha
(16:46 / Allies) iDoNotLie: u have a problem in ur head if u are serious green
(16:48 / Allies) iDoNotLie: lol
(16:48 / Allies) I-AM-THE-TEAM: your dead purple dead
(18:19 / Allies) iDoNotLie: lol
(18:36 / All) iDoNotLie: so yellow
(18:39 / All) iDoNotLie: hows it going?
(19:08 / Allies) I-AM-THE-TEAM: red
(19:11 / Allies) I-AM-THE-TEAM: get some catapults
(19:18 / Allies) iDoNotLie: lol
(19:22 / Allies) LEGEND-OF-PJ.: uh
(19:29 / Allies) LEGEND-OF-PJ.: my wind riders took damage from pinks footies
(19:30 / Allies) LEGEND-OF-PJ.: how?
(19:33 / Allies) iDoNotLie: they are trying so hard to tp
(19:33 / Allies) iDoNotLie: lol
(19:54 / Allies) I-AM-THE-TEAM: and traget
(19:55 / Allies) I-AM-THE-TEAM: his hero
(20:03 / Allies) iDoNotLie: looks like red moved on
(20:04 / Allies) iDoNotLie: lol
(20:10 / Allies) CloudStrife: nope
(20:13 / Allies) iDoNotLie: lol
(20:23 / Allies) LEGEND-OF-PJ.: does he not even realize green is the realtker
(21:03 / All) iDoNotLie: lol
(21:20 / Allies) iDoNotLie: blu
(21:21 / Allies) iDoNotLie: lets go
(21:26 / Allies) iDoNotLie: tk
(21:46 / Allies) iDoNotLie: blu i needs u help
(21:50 / Allies) I-AM-THE-TEAM: we had to fucking save blue
(21:52 / Allies) I-AM-THE-TEAM: so many times
(21:54 / Allies) I-AM-THE-TEAM: and he didnt help
(21:55 / Allies) I-AM-THE-TEAM: us once
(22:02 / Allies) I-AM-THE-TEAM: we lost 1v4
(22:02 / Allies) iDoNotLie: lol stfu if u are for real
(22:03 / Allies) iDoNotLie: lol
(22:04 / Allies) I-AM-THE-TEAM: bc of u idiots
(22:06 / Allies) I-AM-THE-TEAM: i hope ur happy
(22:07 / Allies) I-AM-THE-TEAM: morons
(22:58 / Allies) CloudStrife: b green
(23:07 / Allies) CloudStrife: let pruple die
(23:30 / Allies) I-AM-THE-TEAM: your right
(24:29 / Allies) iDoNotLie: lol
(24:40 / All) iDoNotLie: it is great how much effort my team put into tking
(24:46 / All) iDoNotLie: and they couldnt even do it
(24:50 / All) iDoNotLie: without ur help
(25:46 / Allies) iDoNotLie: yo blu
(25:53 / Allies) iDoNotLie: lez go bro
(26:47 / All) LEGEND-OF-PJ.: this was a bizarre game
(26:52 / All) iDoNotLie: lol
(26:54 / All) iDoNotLie: yeah
(27:06 / All) LEGEND-OF-PJ.: we did everything to lose it and we're still gonana win
(27:09 / All) iDoNotLie: green and red have a mental condition
(27:13 / All) iDoNotLie: naw
(27:14 / All) iDoNotLie: We lost
(27:16 / All) LEGEND-OF-PJ.: green i can understand
(27:25 / All) LEGEND-OF-PJ.: reds an idiot he attacked the main tker on this team
(27:30 / All) I-AM-THE-TEAM: its your fucking lost we lost mmor blue
(27:35 / All) I-AM-THE-TEAM: You have odne nothing this entire game
(27:38 / All) I-AM-THE-TEAM: besies sit in ur base
(27:42 / All) I-AM-THE-TEAM: sucking his dick
(27:42 / Allies) iDoNotLie: lol
(27:44 / All) iDoNotLie: cry more
(27:47 / All) LEGEND-OF-PJ.: that is only half true
(27:48 / All) iDoNotLie: umad?
(27:54 / Allies) iDoNotLie: lol
(28:00 / All) iDoNotLie: so u were sucking ur dick>
(28:06 / All) I-AM-THE-TEAM: blue has 2k gold
(28:07 / All) LEGEND-OF-PJ.: ive been playign with my little 2 yr old niece
(28:09 / All) I-AM-THE-TEAM: and is oding nothing
(28:55 / All) iDoNotLie: yellow if u feel like thanking any1, u should thank green
(30:26 / All) I-AM-THE-TEAM: blue help me
(30:29 / Allies) I-AM-THE-TEAM: i saved ur ass
(30:35 / Allies) iDoNotLie: lol
(30:42 / All) LEGEND-OF-PJ.: let me think about tha tsir
(30:53 / Allies) iDoNotLie: beggars cant be choosers
(31:20 / Allies) iDoNotLie: build
(31:29 / Allies) iDoNotLie: u can take
(31:30 / Allies) iDoNotLie: em
(31:47 / All) LEGEND-OF-PJ.: im scared
(31:50 / Allies) iDoNotLie: lol
(31:51 / Allies) CloudStrife: tech so wind riders vs rifs
(32:04 / All) LEGEND-OF-PJ.: leave me alone red u big meanie
(32:11 / Allies) CloudStrife: and steals items
(32:42 / Allies) iDoNotLie: there
(32:45 / Allies) iDoNotLie: see that easy
(32:52 / Allies) I-AM-THE-TEAM: kill their base then idiot
(33:21 / Allies) CloudStrife: why dont u haras or sumthing wit ur riders
(33:27 / All) LEGEND-OF-PJ.: lol
(33:34 / All) iDoNotLie: :D
(33:35 / All) LEGEND-OF-PJ.: i wont help until u admit tidus > cloud
(33:50 / All) LEGEND-OF-PJ.: and yuna is a babe
(33:54 / Allies) I-AM-THE-TEAM: fine tidus is superior to cloud
(33:56 / Allies) I-AM-THE-TEAM: hit them now
(33:59 / All) LEGEND-OF-PJ.: yuna is the first girl i ever romanced
(34:01 / Allies) iDoNotLie: lol
(34:03 / All) LEGEND-OF-PJ.: red needs to admit it
(34:12 / All) LEGEND-OF-PJ.: red also needs to swear supreme loyality to me
(34:20 / All) I-AM-THE-TEAM: doesnt matter he massed rifles we already lost
(34:22 / All) LEGEND-OF-PJ.: and address me as "my liege"
(34:26 / All) I-AM-THE-TEAM: bc of your noob ass
(34:30 / Allies) CloudStrife: even after helping him
(34:32 / All) I-AM-THE-TEAM: you had no units for half of the game blue
(34:39 / All) I-AM-THE-TEAM: you helped him win
(34:41 / All) iDoNotLie: weird
(34:45 / All) CloudStrife: couldnt see blu got h it
(34:45 / All) LEGEND-OF-PJ.: YOU WILL SHOW ME RESPECT GREEN
(34:46 / All) iDoNotLie: looks like bu has the only units
(34:47 / All) iDoNotLie: lol
(34:59 / All) LEGEND-OF-PJ.: I GOT THE POWER now
(35:04 / All) CloudStrife: suck a dick blu
(35:19 / All) I-AM-THE-TEAM: blue is a noob we should have killed him before red
(35:20 / All) CloudStrife: ur gonna die easy from those rifs
(35:38 / All) CloudStrife: just sit bak and do nothing
(35:50 / All) LEGEND-OF-PJ.: arrogant bastards i swear
(36:00 / All) LEGEND-OF-PJ.: you dont appreciate our skills
(36:01 / All) LEGEND-OF-PJ.: and effort
(36:08 / Allies) iDoNotLie: i know right
(36:16 / All) LEGEND-OF-PJ.: kodo #1
(36:47 / All) iDoNotLie: wow this is the weirdest game i have ever been in
(36:48 / All) iDoNotLie: lol
(36:56 / All) I-AM-THE-TEAM: stfu noob
(37:01 / All) iDoNotLie: lol umad?
(37:08 / All) LEGEND-OF-PJ.: i may have been in wierder but it is definitely unique
(37:16 / All) I-AM-THE-TEAM: cant hit my air teal no orb
(37:24 / All) LEGEND-OF-PJ.: ive been in games where we perched the corner of a map and put like 20 heroes in a line
(37:34 / All) CloudStrife: teal mass bats and blow his shit up
(38:44 / All) LEGEND-OF-PJ.: look at this guy
(38:46 / Allies) iDoNotLie: time to take a little break to get mana and shit
(38:49 / All) LEGEND-OF-PJ.: sleezy fool
(39:14 / Allies) iDoNotLie: u like having me controle u blu?
(39:15 / Allies) iDoNotLie: lol
(39:17 / All) LEGEND-OF-PJ.: yes
(39:18 / Allies) iDoNotLie: cause i am havin fun
(39:26 / Allies) iDoNotLie: lol
(39:28 / All) I-AM-THE-TEAM: stfu dumbass purple u suck dick ura noob just like purple
(39:29 / All) LEGEND-OF-PJ.: ill control 3 wyverns and a tc tho we need to sleep red and green in face
(39:38 / All) iDoNotLie: wow green is soo mad
(39:38 / All) iDoNotLie: lol
(39:48 / All) LEGEND-OF-PJ.: i dunt even want to win for this prick
(39:54 / All) I-AM-THE-TEAM: oh yeha im so mad
(39:55 / All) LEGEND-OF-PJ.: we always have to carry less players
(39:56 / All) CloudStrife: they just ride of us
(39:57 / Allies) iDoNotLie: i know right lol
(39:59 / All) I-AM-THE-TEAM: fucking idiots
(40:04 / All) I-AM-THE-TEAM: me and red carried u
(40:12 / Allies) iDoNotLie: stfu
(40:14 / Allies) iDoNotLie: now we are
(40:15 / Allies) iDoNotLie: lol
(40:18 / All) I-AM-THE-TEAM: how many times did we save your ass purple
(40:22 / All) LEGEND-OF-PJ.: we carried from the get to, me and purple that is
(40:23 / All) I-AM-THE-TEAM: so stfu idiot you and blue
(40:27 / All) iDoNotLie: 0 times
(40:29 / All) I-AM-THE-TEAM: While you two did nothing but sit i nbase
(40:31 / All) iDoNotLie: all u did was tk noob
(40:36 / All) I-AM-THE-TEAM: masturbating to final fantasy
(40:39 / All) iDoNotLie: ol
(40:41 / All) iDoNotLie: will do bro
(40:46 / All) iDoNotLie: tifa is hot
(40:51 / All) I-AM-THE-TEAM: if any of those girls were real THEY WOULD never go out with ugly fucks like yuou
(40:56 / All) LEGEND-OF-PJ.: lolz
(40:59 / All) iDoNotLie: lol
(41:03 / All) iDoNotLie: i have a gf anyway bro
(41:06 / All) iDoNotLie: and u are so mad
(41:07 / All) iDoNotLie: lol
(41:13 / All) I-AM-THE-TEAM: i am not mad
(41:13 / All) LEGEND-OF-PJ.: me 2, emma wason
(41:17 / All) I-AM-THE-TEAM: not one bit
(41:17 / All) iDoNotLie: lol umad
(41:25 / All) iDoNotLie: emma watson *
(41:26 / All) iDoNotLie: :D
(41:30 / All) I-AM-THE-TEAM: shes ugly
(41:34 / All) iDoNotLie: wow
(41:54 / Allies) iDoNotLie: LOL
(41:55 / All) I-AM-THE-TEAM: my gf brooke is much hotter
(42:05 / All) LEGEND-OF-PJ.: long hair emma watson
(42:07 / All) LEGEND-OF-PJ.: not short hair
(42:14 / All) I-AM-THE-TEAM: who gives a shit its the same person
(42:16 / All) I-AM-THE-TEAM: idiot
(42:21 / All) LEGEND-OF-PJ.: wat
(42:23 / All) I-AM-THE-TEAM: hair style changes the person?
(42:25 / All) I-AM-THE-TEAM: Lmfao
(42:27 / All) I-AM-THE-TEAM: What amoron
(43:03 / All) LEGEND-OF-PJ.: i feel ashamed to have red and green as allies
(43:04 / All) LEGEND-OF-PJ.: i really do
(43:17 / All) I-AM-THE-TEAM: i am ashamed that i didnt kill your noob ass
(43:22 / All) I-AM-THE-TEAM: at the begininng of the game like i should have
(43:29 / All) CloudStrife: host solo
(43:42 / All) iDoNotLie: dude we were having a nice ff talk and u went all mad on us
(43:50 / All) I-AM-THE-TEAM: bc you werent playing
(43:57 / All) I-AM-THE-TEAM: i was talking about final fantasy too
(44:00 / Allies) iDoNotLie: so blu
(44:01 / All) I-AM-THE-TEAM: but atleast i was making units
(44:02 / Allies) iDoNotLie: u there still?
(44:04 / All) I-AM-THE-TEAM: You and blue didnt do shit
(44:14 / Allies) iDoNotLie: blu u there man?
(44:18 / All) LEGEND-OF-PJ.: look at who still has armies
(44:27 / All) I-AM-THE-TEAM: Because we let you have armies me and red
(44:28 / All) LEGEND-OF-PJ.: purp and i are the mvp's of this team
(44:33 / All) I-AM-THE-TEAM: We could have ended you at begining of game
(44:34 / All) iDoNotLie: yep
(44:35 / All) I-AM-THE-TEAM: Morons
(44:37 / All) iDoNotLie: so blu
(44:39 / All) CloudStrife: all u had was bm
(44:42 / All) iDoNotLie: u okay if i tk ourselves
(44:43 / All) LEGEND-OF-PJ.: purp defended his base 3+ times vs u and red lol
(44:45 / All) iDoNotLie: ?
(44:48 / All) LEGEND-OF-PJ.: i was spitting out my juice
(45:02 / Allies) I-AM-THE-TEAM: and i asved your base five times against that mans rush
(45:05 / All) CloudStrife: teal just make bats
(45:06 / Allies) I-AM-THE-TEAM: dumbass blue so stfu idiot
(45:13 / All) CloudStrife: u dont have to do shit
(45:15 / All) LEGEND-OF-PJ.: lol
(45:30 / Allies) iDoNotLie: so blu
(45:34 / All) I-AM-THE-TEAM: this man is a moron if that was me against purple and blue this agme woudl be over
(45:34 / Allies) iDoNotLie: are u cool if we lose :D
(45:42 / All) LEGEND-OF-PJ.: yes i dont think we deserve it
(45:44 / All) I-AM-THE-TEAM: my level ten bm would have owned both of their noob ass armies with orb
(45:45 / All) LEGEND-OF-PJ.: we had to carry too much
(45:53 / All) I-AM-THE-TEAM: Me and red carried you fags
(45:54 / Allies) iDoNotLie: kk
(45:57 / Allies) iDoNotLie: than we shall lose
(46:02 / All) I-AM-THE-TEAM: Yup lose
(46:09 / All) I-AM-THE-TEAM: what i want
(46:15 / All) iDoNotLie: awesome
(46:17 / All) I-AM-THE-TEAM: so much for being mvps of a game we lost
(46:18 / All) iDoNotLie: good for you
(46:20 / All) I-AM-THE-TEAM: Yup
(46:23 / All) iDoNotLie: lol
(46:24 / All) iDoNotLie: umad?
(46:28 / All) I-AM-THE-TEAM: nope
(46:32 / All) CloudStrife: yea
(46:38 / All) CloudStrife: YEA
(46:41 / All) I-AM-THE-TEAM: i dont let idiots make me mad
(46:48 / All) DOUGLASCALACA: 4x1
(46:51 / All) DOUGLASCALACA: lol
(46:53 / All) iDoNotLie: lol yellow
(46:55 / All) DOUGLASCALACA: very easy
(46:55 / All) iDoNotLie: u have no clue
(46:57 / All) LEGEND-OF-PJ.: this replay shall be posted
(46:58 / All) iDoNotLie: watch replay
(46:59 / All) LEGEND-OF-PJ.: on wcr
(46:59 / All) iDoNotLie: lol
(47:03 / All) iDoNotLie: yeah lol
(47:10 / All) LEGEND-OF-PJ.: it will be titled "blue and purp carry green and red"
(47:13 / All) I-AM-THE-TEAM: blue anad purple are idiots
(47:14 / All) CloudStrife: yea kill ur self blue
(47:17 / All) LEGEND-OF-PJ.: and "green and red whine "
(47:22 / All) I-AM-THE-TEAM: and they are talking like they did something
(47:23 / All) iDoNotLie: lol
(47:24 / All) I-AM-THE-TEAM: Lmfao
(47:24 / All) CloudStrife: only thing u can do
(47:32 / All) CloudStrife: wheres ur army now
(47:35 / All) I-AM-THE-TEAM: Morons, we should have completely ended htem at begining of game
(47:42 / Allies) iDoNotLie: lol
(47:43 / Allies) iDoNotLie: aka?
(47:46 / Allies) iDoNotLie: wouldnt u like to know
(47:47 / Allies) iDoNotLie: lol
(47:48 / All) DOUGLASCALACA: no problem
(47:51 / All) DOUGLASCALACA: i win
(47:54 / All) I-AM-THE-TEAM: stfu yellow your trash
(47:56 / All) LEGEND-OF-PJ.: i do
(47:58 / All) I-AM-THE-TEAM: your as bad as blue and purple
(48:02 / All) LEGEND-OF-PJ.: whatttttttt
(48:04 / All) iDoNotLie: lol green ur so mad bro
(48:05 / All) iDoNotLie: LOL
(48:06 / All) CloudStrife: lol
(48:22 / All) LEGEND-OF-PJ.: u cant be bad if you last this long in a tking game
(48:28 / All) I-AM-THE-TEAM: fucking morons spend time masturbating to final fantasy characters
(48:32 / All) I-AM-THE-TEAM: You were tking idiot u had no units
(48:33 / All) LEGEND-OF-PJ.: LOL
(48:36 / All) I-AM-THE-TEAM: for most of game, you and purple
(48:38 / All) I-AM-THE-TEAM: Dumb fags
(48:44 / All) iDoNotLie: umad umad umad
(48:44 / All) I-AM-THE-TEAM: While me and red had tier three units
(49:09 / All) CloudStrife: woot
(49:21 / All) LEGEND-OF-PJ.: green, can u answer why u and red together could not kill purple?
(49:28 / All) LEGEND-OF-PJ.: it was 1
(49:28 / All) I-AM-THE-TEAM: we did
(49:29 / All) iDoNotLie: lol
(49:30 / All) LEGEND-OF-PJ.: v2
(49:32 / All) iDoNotLie: please do
(49:33 / All) I-AM-THE-TEAM: we got all his fucking air units
(49:37 / All) I-AM-THE-TEAM: and his main buildings
(49:40 / All) I-AM-THE-TEAM: Yellow just kileld towers
(49:41 / All) LEGEND-OF-PJ.: leave last building
(49:42 / All) I-AM-THE-TEAM: idiot lol
(49:44 / All) CloudStrife: becuz we were fighting
(49:47 / Allies) iDoNotLie: yep
(49:48 / All) CloudStrife: teal and oj
(49:51 / All) CloudStrife: same time
(49:54 / All) I-AM-THE-TEAM: while you two idiots were masutrbating
(49:57 / All) CloudStrife: and u guys were just building
(50:01 / All) I-AM-THE-TEAM: me and red were carrying you idiots
(50:15 / All) iDoNotLie: u are so mad green
(50:16 / All) LEGEND-OF-PJ.: this is true rage by green
(50:17 / All) iDoNotLie: wake up
(50:20 / All) iDoNotLie: u failed at tking
(50:23 / All) CloudStrife: bottom right
(50:24 / All) I-AM-THE-TEAM: we didnt tk
(50:25 / All) LEGEND-OF-PJ.: the replay may be called "green rages as he gets carried"
(50:28 / All) I-AM-THE-TEAM: Your idiot ass sucks
(50:29 / All) iDoNotLie: gg
(50:30 / All) iDoNotLie: anyway
(50:31 / All) iDoNotLie: :D